 Dungeon Crawl Stone Soup version 0.19.1-1-g22dce08 (webtiles) character file.

7 Kiturien the Stinger (level 2, -1/17 HPs)
             Began as an Octopode Venom Mage on Jan 16, 2017.
             Slain by a leopard gecko (3 damage)
             ... on level 1 of the Dungeon.
             The game lasted 00:00:58 (113 turns).

Kiturien the Stinger (Octopode Venom Mage)           Turns: 113, Time: 00:00:58

Health: -1/17      AC:  1    Str:  7    XL:     2   Next: 0%
Magic:  5/5        EV: 13    Int: 17    God:
Gold:   0          SH:  0    Dex: 12    Spells: 1 memorised, 4 levels left

rFire  . . .     SeeInvis .     e - +0 hand axe
rCold  . . .     Gourm    .     (no shield)
rNeg   . . .     Faith    .     (helmet restricted)
rPois  .         Spirit   .     (no amulet)
rElec  .         Reflect  .     (no ring)
rCorr  .         Harm     .     (no ring)
MR     .....                    (no ring)
Stlth  +++.......               (no ring)
                                (no ring)
                                (no ring)
                                (no ring)
                                (no ring)

@: no status effects
A: almost no armour, stealthy swim, amphibious, 8 rings, constrict 8, camouflage
1, gelatinous body 1
a: no special abilities


You were on level 1 of the Dungeon.
You were not hungry.

You visited 1 branch of the dungeon, and saw 1 of its levels.

Inventory:

Hand Weapons
 d - a +0 dagger
 e - a +0 hand axe (weapon)
Books
 a - a Young Poisoner's Handbook

   Spells                             Type                      Level
   a - Sting                          Conjuration/Poison           1
   b - Mephitic Cloud                 Conjuration/Poison/Air       3
   c - Olgreb's Toxic Radiance        Poison                       4
   d - Alistair's Intoxication        Transmutation/Poison         5
   e - Venom Bolt                     Conjuration/Poison           5
Comestibles
 b - a bread ration
 c - a slice of pizza


   Skills:
 + Level 2.1 Dodging
 + Level 2.8 Stealth
 + Level 2.0 Spellcasting
 + Level 5.1 Poison Magic


You had 4 spell levels left.
You knew the following spells:

 Your Spells              Type           Power        Failure   Level  Hunger
a - Sting                 Conj/Pois      ##..         10%         1    #......


Dungeon Overview and Level Annotations

Branches:
Dungeon (1/15)

Altars:


Innate Abilities, Weirdness & Mutations

You cannot wear most types of armour.
You are very stealthy in the water. (Stealth+)
You are amphibious.
You can wear up to eight rings at the same time.
You can use your tentacles to constrict eight enemies at once.
Your skin changes colour to match your surroundings (Stealth+).
Your rubbery body absorbs attacks. (AC +1, EV +1)


Message History

The frilled lizard misses you. The frilled lizard bites you.
* * * LOW HITPOINT WARNING * * *
You miss the frilled lizard. Your grab misses the frilled lizard.
The frilled lizard is heavily wounded.
The frilled lizard barely misses you. x2
You hit the frilled lizard.
You kill the frilled lizard!
You barely miss the frilled lizard. Your grab misses the frilled lizard.
The frilled lizard completely misses you.
The frilled lizard closely misses you.
You miss the frilled lizard. You grab the frilled lizard.
You constrict the frilled lizard.
You kill the frilled lizard!
You have reached level 2!
The leopard gecko barely misses you.
You closely miss the leopard gecko. Your grab misses the leopard gecko.
The leopard gecko closely misses you.
You closely miss the leopard gecko. You grab the leopard gecko.
You constrict the leopard gecko. The leopard gecko bites you.
You die...

#.......# #.#######.#
##.....## #..(......#
##...## ##.######.# ##.##
#.# #.# #.# #.# #.# #.#
#.# #†# #.# #.# ####.#
######.##########.###....#
#.....†...l.llll@.....#..#
.....#†....######.###....#
≈≈≈≈..####.# #.# ##.#.#
≈≈≈≈≈. #.# .# #.#.# ≈≈≈≈≈.
#.# .####.#.# ≈≈≈≈≈. #.#
.##...#.# ≈≈≈≈.. #.#
.##...#.# .....# ...
..##...#.## #.##.
#.........#


You could see a leopard gecko and 4 frilled lizards.

Vanquished Creatures
  A bat (D:1)
  7 frilled lizards (D:1)
  A goblin (D:1)
9 creatures vanquished.

Notes
Turn   | Place    | Note
-------+----------+-------------------------------------------
     0 | D:1      | Kiturien the Octopode Venom Mage began the quest for the Orb.
     0 | D:1      | Reached XP level 1. HP: 11/11 MP: 3/3
    41 | D:1      | Reached skill level 5 in Poison Magic
   111 | D:1      | Reached XP level 2. HP: 2/17 MP: 5/5
   113 | D:1      | Slain by a leopard gecko

Skill      XL: |  1 |
---------------+----+-----
Poison Magic   | 5 |  5.1
Dodging        | |  2.1
Stealth        | |  2.8
Spellcasting   | |  2.0

Action                   || total
-------------------------++-------
Melee: Hand axe          ||    12
       Constrict         ||     7
       Dagger            ||     4
       Unarmed           ||     2
       Tentacles         ||     2
 Cast: Sting             ||     2
Armor: Skin              ||     3
Dodge: Dodged            ||    32
